 Dungeon Crawl Stone Soup version 0.31-a0-145-g046c7d2549 (webtiles) character file.

Game seed: 12068293224145005867

445 qw the Shooter (level 6, -1/52 HPs)
             Began as a Minotaur Hunter on June 7, 2023.
             Was an Initiate of Okawaru.
             Slain by a lemure (4 damage)
             ... led by Pikel
             ... on level 5 of the Dungeon.
             The game lasted 00:01:30 (3229 turns).

qw the Shooter (Minotaur Hunter)                    Turns: 3229, Time: 00:01:30

Health: -1/52      AC:  7    Str: 16    XL:     6   Next: 72%
Magic:  5/5        EV: 12    Int:  6    God:    Okawaru [......]
Gold:   280        SH:  0    Dex: 19    Spells: 5/5 levels left

rFire   . . .        Y - +0 shortbow
rCold   . . .        (shield currently unavailable)
rNeg    . . .        m - +2 ring mail of the Teaching Gods {rPois Dex+4}
rPois   +            (helmet restricted)
rElec   .            (no cloak)
rCorr   .            (no gloves)
SInv    .            (no boots)
Will    .....        (no amulet)
Stlth   +            (no ring)
HPRegen 0.28/turn    (no ring)
MPRegen 0.09/turn

%: no passive effects
@: no status effects
A: horns 2, retaliatory headbutt
a: Renounce Religion


You were on level 5 of the Dungeon.
You worshipped Okawaru.
Okawaru was noncommittal.
You visited 2 branches of the dungeon, and saw 6 of its levels.

You collected 280 gold pieces.


Innate Abilities, Weirdness & Mutations

You have a pair of horns on your head.
You reflexively headbutt those who attack you in melee.


   Skills:
 - Level 4.0 Fighting
 + Level 7.7 Ranged Weapons
 - Level 2.3 Armour
 - Level 3.0 Dodging
 - Level 0.7 Stealth


You had 5 spell levels left.
You didn't know any spells.
Your spell library was empty.

Inventory:

Hand Weapons
 Y - a +0 shortbow (weapon)
Armour
 m - the +2 ring mail of the Teaching Gods (worn) {rPois Dex+4}
   (You found it on level 4 of the Dungeon)

   Dex:       It affects your dexterity (+4).
   rPois:     It protects you from poison.
Wands
 d - a wand of digging (2)
Scrolls
 a - a scroll of identify
Potions
 c - a potion of mutation {unknown}
 e - a potion of degeneration {unknown}
 i - 2 potions of curing {unknown}
 k - a potion of might {unknown}

Dungeon Overview and Level Annotations

Branches:
Dungeon (5/15)             Temple (1/1) D:5

Altars:
Ashenzari
Cheibriados
Dithmenos
Fedhas
Gozag
Kikubaaqudgha
Makhleb
Nemelex Xobeh
Okawaru
Qazlal
Ru
Sif Muna
Trog
Uskayaw
Wu Jian
Yredelemnul
Zin

Annotations:
D:5 Pikel


Message History

Pikel freezes you. The iguana bites you. The lemure hits you.
Pikel hits you but does no damage. The lemure barely misses you.
You furiously retaliate!
You headbutt the lemure!
The iguana bites you but does no damage.
3223 ||| DRINKING potion of heal wounds.
You feel much better.
Pikel hits you with a +0 whip of freezing.
Pikel freezes you. The iguana completely misses you.
The lemure closely misses you. You furiously retaliate!
You headbutt the lemure!
You kill the lemure!
That felt strangely unrewarding.
You shoot an arrow.
The arrow hits the iguana but does no damage.
The iguana is severely wounded.
Pikel closely misses you. The lemure barely misses you.
You furiously retaliate!
You headbutt the lemure! The iguana closely misses you.
You shoot an arrow. The arrow barely misses the iguana.
Pikel says, "All the demons know me.
They respect me."
Pikel hits you but does no damage. The iguana barely misses you.
The lemure closely misses you.
You shoot an arrow.
The arrow hits the iguana but does no damage.
The iguana is severely wounded.
Pikel hits you but does no damage. The lemure hits you. The iguana bites you.
You shoot an arrow.
The arrow hits the iguana but does no damage.
The iguana is severely wounded.
Pikel hits you with a +0 whip of freezing!
Pikel freezes you. The iguana bites you.
The lemure hits you but does no damage.
You shoot an arrow. The arrow hits the iguana.
The iguana is almost dead.
Pikel says, "You'll make a fine lemure."
Pikel closely misses you. The iguana closely misses you.
You furiously retaliate!
You headbutt the iguana.
You kill the iguana!
Okawaru accepts your kill. The lemure hits you.
You shoot an arrow. The arrow closely misses the lemure. x2
The lemure hits you.
You die...

.... .##########....
...............
...............
...............
...$...........
......K55......
#+#######@#
#.........#
.......#.........#
.......+.[.......# .
.................# ..
...#.#.#.#.#.#####...
##.................#
#..#.......#..).(..#
#..................+


You could see Pikel and 2 lemures.

Vanquished Creatures
  2 lemures (D:5)
  3 hounds
  Natasha (thrice) (D:2)
  4 iguanas
  An orc wizard (D:3)
  3 gnolls (D:3)
  4 adders
  2 worms
  2 dart slugs
  3 orcs (D:3)
  10 ball pythons
  7 endoplasms
  5 giant cockroaches
  5 goblins
  3 hobgoblins
  2 jackals (D:3)
  7 quokkas
  8 bats
  3 frilled lizards
  7 kobolds
  4 rats
88 creatures vanquished.

Notes
Turn   | Place    | Note
-------+----------+-------------------------------------------
     0 | D:1      | qw the Minotaur Hunter began the quest for the Orb.
     0 | D:1      | Reached XP level 1. HP: 18/18 MP: 0/0
     0 | D:1      | 0 ||| qw: Version: 0.2-a-117-gc6b5c8b
     0 | D:1      | 0 ||| qw: Game counter: 2472
     0 | D:1      | 0 ||| qw: Always use a shield: true
     0 | D:1      | 0 ||| qw: God list: Okawaru
     0 | D:1      | 0 ||| qw: Allow faded altars: false
     0 | D:1      | 0 ||| qw: Do Orc after D:15 true
     0 | D:1      | 0 ||| qw: Do second Lair branch before Depths: true
     0 | D:1      | 0 ||| qw: Lair rune preference: random
     0 | D:1      | 0 ||| qw: Plans: Normal
     0 | D:1      | 0 ||| PLANNING D:1-11
   136 | D:1      | Reached XP level 2. HP: 25/25 MP: 1/1
   184 | D:1      | Reached skill level 5 in Ranged Weapons
   489 | D:1      | 489 ||| UPGRADING to +0 ring mail.
   499 | D:1      | 499 ||| DROPPING +0 leather armour.
   500 | D:1      | 500 ||| READING 2 scrolls labelled BIYFUT OTOVUSS.
   501 | D:1      | 501 ||| READING scroll labelled OSKUTHRAUPO.
   502 | D:1      | 502 ||| DRINKING 2 silvery potions.
   524 | D:1      | 524 ||| DROPPING scroll of butterflies.
   525 | D:1      | 525 ||| DROPPING potion of lignification.
   558 | D:2      | Noticed Natasha
   562 | D:2      | Killed Natasha
   563 | D:2      | Reached XP level 3. HP: 29/30 MP: 2/2
   566 | D:2      | Reached skill level 3 in Fighting
   849 | D:2      | Reached XP level 4. HP: 38/38 MP: 3/3
  1005 | D:2      | Noticed Natasha
  1009 | D:2      | Killed Natasha
  1026 | D:2      | Noticed Natasha
  1034 | D:2      | Killed Natasha
  1035 | D:2      | Reached skill level 6 in Ranged Weapons
  1103 | D:2      | 1103 ||| DRINKING 3 green potions.
  1104 | D:2      | 1104 ||| READING 2 scrolls of identify.
  1104 | D:2      | 1104 ||| IDENTIFYING white potion
  1105 | D:2      | 1105 ||| DROPPING potion of attraction.
  1419 | D:3      | Reached XP level 5. HP: 45/45 MP: 4/4
  1622 | D:3      | HP: 8/46 [gnoll/+0 spear (5)]
  1623 | D:3      | 1623 ||| DRINKING 4 potions of heal wounds.
  2035 | D:3      | 2035 ||| READING scroll labelled ODEUT NEIFORI.
  2036 | D:3      | 2036 ||| READING scroll labelled YGREKUPRAS.
  2037 | D:3      | 2037 ||| READING scroll labelled ANLASS ZEYMOSIODO.
  2208 | D:4      | Found a broken altar of Ashenzari.
  2221 | D:4      | Reached skill level 7 in Ranged Weapons
  2223 | D:4      | 2223 ||| FLEEEEING.
  2303 | D:4      | Reached XP level 6. HP: 52/52 MP: 5/5
  2374 | D:4      | Identified the +2 ring mail of the Teaching Gods {rPois
                  | Dex+4}
  2748 | D:4      | 2748 ||| UPGRADING to +2 ring mail of the Teaching Gods
                  | {rPois Dex+4}.
  2758 | D:4      | 2758 ||| DROPPING +0 ring mail.
  2759 | D:4      | 2759 ||| READING scroll labelled ETARAYVVUR.
  2763 | D:4      | 2763 ||| READING scroll labelled NUVUKLA OCZUJI.
  2764 | D:4      | 2764 ||| READING scroll labelled WODICO TOPS.
  2765 | D:4      | 2765 ||| READING 2 scrolls of identify.
  2765 | D:4      | 2765 ||| IDENTIFYING metallic pink potion
  2766 | D:4      | 2766 ||| DROPPING potion of enlightenment.
  2788 | D:5      | Entered Level 5 of the Dungeon
  2798 | D:5      | Identified the +4 falchion of the Elven Halls {drain,
                  | Stlth+}
  2905 | D:5      | Reached skill level 3 in Dodging
  3069 | D:5      | Found a staircase to the Ecumenical Temple.
  3070 | D:5      | 3070 ||| PLANNING TEMPLE
  3070 | D:5      | 3070 ||| READING scroll labelled PAESU YRGHONN.
  3079 | Temple   | Entered the Ecumenical Temple
  3154 | Temple   | 3154 ||| PLANNING OKAWARU WORSHIP
  3174 | Temple   | Became a worshipper of Warmaster Okawaru
  3174 | Temple   | 3174 ||| PLANNING D:1-11
  3206 | D:5      | Noticed Pikel
  3215 | D:5      | HP: 13/52 [iguana (10)]
  3216 | D:5      | 3216 ||| DRINKING 3 potions of heal wounds.
  3220 | D:5      | HP: 12/52 [iguana (7)]
  3221 | D:5      | 3221 ||| DRINKING 2 potions of heal wounds.
  3222 | D:5      | HP: 5/52 [lemure[Pikel] (6)]
  3223 | D:5      | 3223 ||| DRINKING potion of heal wounds.
  3227 | D:5      | HP: 13/52 [Pikel/+0 whip of freezing (11)]
  3227 | D:5      | HP: 6/52 [iguana (3)]
  3229 | D:5      | Slain by a lemure

Levels and vault maps discovered:
D:1:      shiori_shiawase, layout_basic, minmay_splitting_lines
D:2:      layout_rooms, nicolae_eternal_life, serial_park_tiny_1, uniq_natasha
D:3:      layout_basic, chequers_serial_rivers_micro_e
D:4:      layout_loops_ring, mainiacjoe_overflow_paths
D:5:      layout_gridville, minmay_temple_entry_glass, uniq_pikel,
          uniq_blork_the_orc
Temple:   nicolae_temple_superstar

Skill      XL: |  1  2  3  4  5  6 |
---------------+-------------------+-----
Ranged Weapons | 5 6 7 |  7.7
Armour         | 2 |  2.3
Fighting       | 3 4 |  4.0
Dodging        | 3 |  3.0
Stealth        | |  0.7

Action                     |  1- 3 |  4- 6 || total
---------------------------+-------+-------++-------
   Fire: Shortbow          |   108 |   224 ||   332
    Use: Scroll            |     2 |     9 ||    11
         Potion            |     1 |     5 ||     6
 Armour: Leather armour    |     2 |       ||     2
         Ring mail         |    24 |    49 ||    73
  Dodge: Dodged            |    42 |    81 ||   123

Table legend:
 A = Non-vault XP
 B = Vault XP
 C = Vault XP percentage of total XP
 D = Non-vault monster count
 E = Vault monster count
 F = Vault count percentage of total count
                 A         B        C        D         E       F
            +---------+---------+-------+---------+---------+-------
      Total |     601 |      35 |   5.5 |      85 |       1 |   1.2
            +---------+---------+-------+---------+---------+-------
        D:1 |      27 |       0 |   0.0 |      16 |       0 |   0.0
        D:2 |     112 |      35 |  23.8 |      22 |       1 |   4.3
        D:3 |     119 |       0 |   0.0 |      24 |       0 |   0.0
        D:4 |     172 |       0 |   0.0 |      17 |       0 |   0.0
        D:5 |     171 |       0 |   0.0 |       6 |       0 |   0.0
            +---------+---------+-------+---------+---------+-------
